 Dungeon Crawl Stone Soup version 0.17.1-2-g5865329 (webtiles) character file.

54 ololoev the Covered (level 3, 15/29 HPs)
             Began as a Demonspawn Fighter on Jan 19, 2016.
             Quit the game in the Ecumenical Temple.
             The game lasted 00:03:12 (585 turns).

ololoev the Covered (Demonspawn Fighter)             Turns: 585, Time: 00:03:12

Health: 15/29      AC:  5    Str: 17    XL:     3   Next: 66%
Magic:  3/3        EV:  7    Int:  9    God:
Gold:   73         SH:  8    Dex: 12    Spells: 0 memorised, 2 levels left

rFire  . . .     SeeInvis +     a - +0 war axe
rCold  . . .     Clarity  .     g - +0 ring mail (curse)
rNeg   . . .     SustAt   .     c - +0 shield
rPois  .         Gourm    .     (no helmet)
rElec  .         Spirit   .     (no cloak)
rCorr  .         Warding  .     (no gloves)
rMut   .         Stasis   .     (no boots)
MR     +....                    (no amulet)
Stlth  +.........               n - ring of protection from magic
                                h - ring of see invisible

@: somewhat resistant to hostile enchantments, very unstealthy
A: powered by pain 2
a: no special abilities


Innate Abilities, Weirdness & Mutations

You sometimes gain power by taking damage.

Inventory:

Hand Weapons
 a - a +0 war axe (weapon)
Missiles
 l - 2 throwing nets (quivered)
Armour
 c - a +0 shield (worn)
 g - a cursed +0 ring mail (worn)
Jewellery
 h - a ring of see invisible (left hand)
 n - a ring of protection from magic (right hand)
Wands
 m - a wand of disintegration (10)
Scrolls
 i - 3 scrolls of remove curse {unknown}
 j - a scroll of identify {unknown}
 k - 2 scrolls of teleportation {unknown}
 p - a scroll of amnesia {unknown}
Potions
 b - 2 potions of heal wounds {unknown}
 d - a potion of might
 f - 2 potions of curing {unknown}
Comestibles
 e - 2 bread rations
 o - a royal jelly
 q - a meat ration


   Skills:
 - Level 3.0 Fighting
 * Level 3.0 Axes
 + Level 3.1 Armour
 - Level 2.6 Shields
 + Level 1.3 Evocations


You had 2 spell levels left.
You didn't know any spells.
You were in the Ecumenical Temple. You were not hungry. You visited 2 branches of the dungeon, and saw 5 of its levels. You collected 73 gold pieces. ##### ... #.....# .... #.......########.. #.........#.....##. #................## #...._............# ####.................# ...............@._....# ......................# ......................# ......................### .._.....................## .........................# .......................... .......................... ...........<........._....

Notes
Turn   | Place    | Note
--------------------------------------------------------------
     0 | D:1      | ololoev the Demonspawn Fighter began the quest for the Orb.
     0 | D:1      | Reached XP level 1. HP: 18/18 MP: 1/1
   101 | D:1      | Gained mutation: You sometimes gain a little power by taking damage. [demonic ancestry]
   101 | D:1      | Reached XP level 2. HP: 24/24 MP: 2/2
   446 | D:3      | Gained mutation: You sometimes gain power by taking damage. [demonic ancestry]
   446 | D:3      | Reached XP level 3. HP: 7/29 MP: 3/3
   451 | D:3      | Reached skill level 1 in Evocations
   545 | D:4      | Found a staircase to the Ecumenical Temple.
   556 | Temple   | Entered the Ecumenical Temple
   585 | Temple   | Quit the game

Dungeon Overview and Level Annotations

Branches:
Dungeon (4/15)             Temple (1/1) D:4

Altars:
Cheibriados
Kikubaaqudgha
Okawaru
Qazlal
Trog
Xom
Zin


Message History

You climb upwards.
There is a stone staircase leading down here.
You climb downwards.
There is a stone staircase leading up here.
A quokka skeleton comes into view.
Your shield and ring mail prevent you from hitting the quokka skeleton.
You block the quokka skeleton's attack.
You hit the quokka skeleton.
The quokka skeleton bites you but does no damage.
The quokka skeleton misses you.
You hit the quokka skeleton. The quokka skeleton barely misses you.
You slash the quokka skeleton!
You destroy the quokka skeleton!
A worker ant comes into view.
The worker ant twitches its antennae in your direction.
Found 10 gold pieces.
You hit the worker ant.
The worker ant is lightly wounded.
The worker ant barely misses you. You block the worker ant's attack.
You hit the worker ant.
The worker ant is moderately wounded.
The worker ant bites you but does no damage.
You hit the worker ant.
The worker ant is severely wounded.
The worker ant bites you. You block the worker ant's attack.
You slash the worker ant!
You kill the worker ant!
Your Axes skill increases to level 3!
Found a staircase to the Ecumenical Temple.
You now have 73 gold pieces (gained 10).
There is a staircase to the Ecumenical Temple here.
You climb downwards.
Welcome to the Ecumenical Temple!
There is a staircase back to the Dungeon here.
Found an ancient bone altar of Kikubaaqudgha.
Found a bloodstained altar of Trog.
Found an iron altar of Okawaru.
Found a snail-covered altar of Cheibriados.
Found a glowing silver altar of Zin.
Found a shimmering altar of Xom and a stormy altar of Qazlal.
Are you sure you want to abandon this character and quit the game? (Confirm with "yes".)

There were no monsters in sight!

Vanquished Creatures
  A worker ant (D:4)
  2 worms
  A giant cockroach (D:3)
  A hobgoblin (D:1)
  5 jackals (D:3)
  2 kobolds (D:1)
  7 bats
  A giant newt (D:4)
  2 goblins (D:3)
  A quokka skeleton (D:4)
  4 rats
  3 toadstools (D:1)
30 creatures vanquished.

Action                   || total
-------------------------++-------
Melee: War axe           ||    80

Vault maps used:
D:1:      ldierk_water_garden
D:2:      lemuel_crystal_altar, xom_teletrap_fun, uniq_robin
D:3:      first_bread
D:4:      minmay_temple_entry_trees, serial_shops, shop, grunt_ministairs_10
Temple:   nicolae_temple_great_sept
